Map: Ulrena

Players

LilDicky - Winner!

  • Race: Terran Terran
  • League: Diamond

Maki

  • Race: Protoss Protoss
  • League: Diamond

VOD

http://www.twitch.tv/tumescentpie

Description

Time

  • Played on: Jan. 5, 2016, 8:42 p.m.
  • Length: 6:07
Show
View Real Time Build Order
Export as new Build Order

LilDicky Terran - Winner!

Build Orders: MMM Bio 

Get SALT Encoding   

  12  0:02  SCV  
  13  0:19  Supply Depot  
  13  0:22  SCV  
  14  0:35  Refinery  
  14  0:36  SCV  
  15  0:44  Barracks  
  15  0:48  SCV  
  16  1:00  SCV  
  17  1:12  SCV  
  18  1:24  SCV  
  19  1:36  Supply Depot, SCV  
  20  1:42  Marine  
  20  1:44  Factory  
  21  1:48  Orbital Command  
  21  2:01  Marine  
  21  2:04  Barracks  
  22  2:15  Barracks  
  22  2:20  SCV  
  23  2:25  Refinery  
  23  2:35  SCV  
  24  2:43  Barracks Reactor  
  24  2:47  SCV  
  24  2:48  Supply Depot  
  25  2:53  Barracks Tech Lab  
  24  3:06  Widow Mine  
  24  3:09  Barracks Tech Lab  
  26  3:12  Marine  
  26  3:13  Stimpack  
  26  3:18  SCV  
  28  3:23  Marine x2  
  28  3:27  Combat Shields  
  30  3:28  Marauder  
  30  3:30  Marine  
  30  3:33  Supply Depot  
  33  3:35  Widow Mine  
  33  3:41  Marine  
  36  3:48  Marine x2  
  36  3:49  SCV  
  36  3:54  Starport, Marine  
  40  4:00  Supply Depot  
  40  4:03  Marine  
  41  4:18  Marauder x2, Marine  
  46  4:32  Medivac  
  46  4:37  Supply Depot  
  48  4:39  SCV  
  48  4:40  Marauder  
  48  4:45  Marine  
  50  5:05  Marauder x2, Marine x2  
  50  5:06  Medivac  
  58  5:16  Widow Mine  
  58  5:24  Marine x2  
  58  5:26  Marauder  
Show
View Real Time Build Order
Export as new Build Order

Maki Protoss 

Build Orders:  

Get SALT Encoding   

  12  0:01  Probe (Chrono Boost)  
  13  0:13  Pylon  
  13  0:18  Probe (Chrono Boost)  
  14  0:29  Probe (Chrono Boost)  
  15  0:36  Gateway  
  15  0:39  Probe (Chrono Boost)  
  16  0:50  Probe (Chrono Boost)  
  16  0:53  Assimilator  
  16  0:55  Assimilator  
  17  1:04  Probe (Chrono Boost)  
  18  1:17  Probe (Chrono Boost)  
  19  1:28  Probe (Chrono Boost)  
  19  1:29  Cybernetics Core  
  19  1:31  Pylon  
  20  1:41  Probe (Chrono Boost)  
  20  1:51  Probe (Chrono Boost)  
  21  2:03  Nexus  
  21  2:08  Probe (Chrono Boost)  
  21  2:11  Warp Gate (Chrono Boost)  
  22  2:22  Mothership Core (Chrono Boost)  
  24  2:26  Adept (Chrono Boost)  
  26  2:38  Gateway  
  26  2:49  Gateway  
  26  3:09  Pylon  
  26  3:11  Adept  
  28  3:18  Probe  
  28  3:20  Probe  
  30  3:29  Probe  
  30  3:32  Twilight Council, Probe  
  32  3:40  Probe  
  32  3:44  Probe  
  33  3:49  Pylon  
  33  3:50  Probe  
  33  3:55  Forge  
  34  4:16  Probe  
  27  4:28  Probe  
  28  4:40  Probe  
  28  4:42  Photon Cannon  
  28  4:46  Photon Cannon  
  28  4:58  Pylon  
  28  5:04  Probe  
  28  5:05  Probe  
  30  5:15  Probe  
  30  5:17  Probe  
  31  5:26  Probe  
  32  5:29  Assimilator  
Tags
 
Add a new tag
Caveats
  • Supply blocks, unpowered buildings, or Contaminate may cause inaccurate times.
  • Supply counts are checked every 10 seconds.